 Dungeon Crawl Stone Soup version 0.25.0-46-gbd7b0854d2 (webtiles) character file.

Game seed: 7064991358348031837

552 DerDa the Grasshopper (level 7, 0/56 HPs)
             Began as a Gnoll Wanderer on July 16, 2020.
             Was an Initiate of Okawaru.
             Slain by an orc
             ... wielding a +0 trident
              (4 damage)
             ... on level 5 of the Dungeon.
             The game lasted 00:09:06 (5831 turns).

DerDa the Grasshopper (Gnoll Wanderer)              Turns: 5831, Time: 00:09:07

Health: 0/56       AC: -6    Str: 14    XL:     7   Next: 29%
Magic:  10/10      EV: 11    Int: 14    God:    Okawaru [......]
Gold:   318        SH:  0    Dex: 17    Spells: 10/10 levels left

rFire    . . .     SeeInvis .   a - +2 dagger
rCold    . . .     Gourm    .   (no shield)
rNeg     . . .     Faith    .   c - +0 ring mail
rPois    +         Spirit   .   (no helmet)
rElec    .         Reflect  .   (no cloak)
rCorr    .         Harm     .   (no gloves)
MR       +....                  (no boots)
Stlth    ++........             (no amulet)
HPRegen  0.18/turn              p - ring of poison resistance
MPRegen  0.12/turn              t - ring of protection from magic

@: corroded
A: distributed training, fangs 1, strong nose
a: Renounce Religion


You were on level 5 of the Dungeon.
You worshipped Okawaru.
Okawaru was noncommittal.
You were not hungry.

You visited 2 branches of the dungeon, and saw 6 of its levels.

You collected 318 gold pieces.

Inventory:

Hand Weapons
 a - a +2 dagger (weapon)
 d - a +0 spear
Missiles
 b - a curare-tipped dart (quivered)
 e - 192 stones
 k - 66 sling bullets
 n - 54 bolts
 r - 18 poisoned darts
Armour
 c - a +0 ring mail (worn)
 o - a cursed +0 leather armour
 w - a +0 ring mail of poison resistance
Jewellery
 p - a ring of poison resistance (left hand)
 t - a ring of protection from magic (right hand)
 y - an uncursed ring of protection from magic
Scrolls
 i - a scroll of immolation
 j - a scroll of amnesia
 s - a scroll of fear
 u - 4 scrolls of teleportation
 x - 4 scrolls of remove curse
 F - a scroll of fog {unknown}
Potions
 g - 2 potions of brilliance {unknown}
 h - 2 potions of flight {unknown}
 l - a potion of resistance {unknown}
 q - a potion of cancellation {unknown}
 v - a potion of might {unknown}
 z - a potion of invisibility {unknown}
 A - a potion of heal wounds {unknown}
 B - a potion of curing {unknown}
 C - a potion of stabbing {unknown}
 D - a potion of haste {unknown}
Comestibles
 f - 7 rations
 G - 2 chunks of flesh


   Skills:
 + Level 5.2 Fighting
 + Level 2.3 Short Blades
 + Level 2.3 Long Blades
 + Level 2.3 Axes
 + Level 2.3 Maces & Flails
 + Level 2.3 Polearms
 + Level 2.3 Staves
 + Level 2.3 Slings
 + Level 2.3 Bows
 + Level 2.3 Crossbows
 + Level 5.2 Throwing
 + Level 3.5 Armour
 + Level 2.3 Dodging
 + Level 2.3 Stealth
 + Level 2.3 Shields
 + Level 2.3 Unarmed Combat
 + Level 2.3 Spellcasting
 + Level 1.9 Conjurations
 + Level 1.9 Hexes
 + Level 1.9 Charms
 + Level 1.9 Summonings
 + Level 1.9 Necromancy
 + Level 5.8 Translocations
 + Level 1.9 Transmutations
 + Level 1.9 Fire Magic
 + Level 1.9 Ice Magic
 + Level 4.2 Air Magic
 + Level 1.9 Earth Magic
 + Level 1.9 Poison Magic
 + Level 2.6 Invocations
 + Level 2.3 Evocations


You had 10 spell levels left.
You didn't know any spells.
Your spell library was empty.

Dungeon Overview and Level Annotations

Branches:
Dungeon (5/15)             Temple (1/1) D:5

Altars:
Ashenzari
Cheibriados
Elyvilon
Fedhas
Gozag
Hepliaklqana
Kikubaaqudgha
Nemelex Xobeh
Okawaru
Qazlal
Ru
Trog
Uskayaw
Wu Jian
Xom
Yredelemnul
Zin
The Shining One

Annotations:
D:3 2 transporters, Grinder; TheAraber's ghost, weakling MfSu


Innate Abilities, Weirdness & Mutations

Your experience applies equally to all skills.
You have very sharp teeth.
Your uncanny sense of smell can sniff out nearby items.


Message History

* * * LOW HITPOINT WARNING * * *
You bite the jelly, but do no damage.
The jelly is moderately wounded.
The jelly hits you.
* * * LOW HITPOINT WARNING * * *
The acid corrodes you!
You are splashed with acid!
* * * LOW HITPOINT WARNING * * *
Found a cyan potion.
An orc priest comes into view.
It is wielding a +0 mace and wearing a +1 chain mail of cold resistance.
The orc priest shouts!
You hear a shout!
The orc priest moves out of view.
An orc comes into view. It is wielding a +0 club.
The orc moves out of view.
The orc priest mumbles some strange prayers to Beogh against you.
Beogh smites you!
* * * LOW HITPOINT WARNING * * *
There is an open door here.
An orc comes into view. It is wielding a +0 trident.
The orc hits you with a +0 trident.
You die...

########....# #.# ..###
#....# #.# ..#.#
#....####.# ..#.#
#....'....# ##'.#
#....###..# ....####....#
#..# ###........## #.J#
#........# ##..#########
#........# #..@........#
#........# #.o......##.#
#.......o# #...####.##.#
########.# #...<..#.##.#
##### #.##o# #...##.#.##.#
....# #.##.# #...##......#
....###.##.###...####.####
.....##.#...##...# #.#
.....##.#.#.##...# #.###


You could see a jelly and an orc.

Vanquished Creatures
  Eustachio (D:5)
  A sky beast (D:4)
  3 hounds
  An orc wizard (D:3)
  A centaur skeleton (D:3)
  2 hound skeletons
  5 adders
  3 oozes
  4 worms
  4 dart slugs
  2 leopard geckos (D:1)
  4 orcs
  A ball python (D:5)
  5 giant cockroaches
  5 goblins
  9 hobgoblins
  A jackal (D:3)
  5 kobolds
  5 quokkas
  4 bats
  5 frilled lizards
  A giant cockroach zombie (D:5)
  2 leopard gecko skeletons (D:4)
  3 rats
77 creatures vanquished.

Vanquished Creatures (others)
  6 plants (D:3)
6 creatures vanquished.

Grand Total: 83 creatures vanquished

Notes
Turn   | Place    | Note
-------+----------+-------------------------------------------
     0 | D:1      | DerDa the Gnoll Wanderer began the quest for the Orb.
     0 | D:1      | DerDa set off with the following items: a +2 dagger, a
                  | curare-tipped dart, a +0 ring mail, a +0 spear, a ration
     0 | D:1      | Reached XP level 1. HP: 20/20 MP: 1/1
   325 | D:1      | Reached XP level 2. HP: 26/26 MP: 2/2
   650 | D:1      | Reached XP level 3. HP: 30/31 MP: 3/3
  1307 | D:2      | Reached skill level 1 in Invocations
  1548 | D:2      | Reached skill level 1 in Short Blades
  1548 | D:2      | Reached skill level 1 in Long Blades
  1548 | D:2      | Reached skill level 1 in Axes
  1548 | D:2      | Reached skill level 1 in Maces & Flails
  1548 | D:2      | Reached skill level 1 in Polearms
  1548 | D:2      | Reached skill level 1 in Staves
  1548 | D:2      | Reached skill level 1 in Slings
  1548 | D:2      | Reached skill level 1 in Bows
  1548 | D:2      | Reached skill level 1 in Crossbows
  1548 | D:2      | Reached skill level 1 in Dodging
  1548 | D:2      | Reached skill level 1 in Stealth
  1548 | D:2      | Reached skill level 1 in Shields
  1548 | D:2      | Reached skill level 1 in Unarmed Combat
  1548 | D:2      | Reached skill level 1 in Spellcasting
  1548 | D:2      | Reached skill level 1 in Evocations
  1656 | D:2      | Reached XP level 4. HP: 38/38 MP: 5/5
  2725 | D:3      | Reached skill level 1 in Conjurations
  2725 | D:3      | Reached skill level 1 in Hexes
  2725 | D:3      | Reached skill level 1 in Charms
  2725 | D:3      | Reached skill level 1 in Summonings
  2725 | D:3      | Reached skill level 1 in Necromancy
  2725 | D:3      | Reached skill level 1 in Transmutations
  2725 | D:3      | Reached skill level 1 in Fire Magic
  2725 | D:3      | Reached skill level 1 in Ice Magic
  2725 | D:3      | Reached skill level 1 in Earth Magic
  2725 | D:3      | Reached skill level 1 in Poison Magic
  2725 | D:3      | Reached XP level 5. HP: 23/43 MP: 6/6
  2880 | D:3      | Found a transporter.
  2941 | D:3      | Found a transporter.
  2952 | D:3      | Noticed TheAraber's ghost (weakling MfSu)
  3043 | D:3      | Found a glowing silver altar of Zin.
  3043 | D:3      | Noticed an angel
  3796 | D:3      | Found a faded altar of an unknown god.
  3796 | D:3      | Noticed Grinder
  3882 | D:3      | Found a hazy altar of Hepliaklqana.
  3882 | D:3      | Found a white marble altar of Elyvilon.
  4203 | D:4      | Noticed a sky beast
  4232 | D:4      | Killed a sky beast
  4232 | D:4      | Reached XP level 6. HP: 16/50 MP: 8/8
  4235 | D:4      | Found a hide-covered altar of Uskayaw.
  4418 | D:4      | Reached skill level 5 in Fighting
  4418 | D:4      | Reached skill level 5 in Throwing
  4882 | D:4      | Found a glowing golden altar of the Shining One.
  5287 | D:5      | Entered Level 5 of the Dungeon
  5294 | D:5      | Found a staircase to the Ecumenical Temple.
  5305 | Temple   | Entered the Ecumenical Temple
  5389 | Temple   | Became a worshipper of Warmaster Okawaru
  5525 | D:5      | Noticed Eustachio
  5542 | D:5      | Killed Eustachio
  5542 | D:5      | Reached XP level 7. HP: 37/56 MP: 10/10
  5653 | D:5      | Found a sacrificial altar of Ru.
  5821 | D:5      | HP: 2/56 [orc priest/divine providence (8)]
  5831 | D:5      | Slain by an orc

Illustrated notes

Levels and vault maps discovered:
D:1:      sevenhm_arrival_forest_fort_small_5, layout_basic, minmay_cut_off
D:2:      layout_basic
D:3:      layout_rooms, zin_angel, gammafunk_temple_overflow_elements,
          chequers_ecumenical_altar_grove, gammafunk_ghost_gnarly_gnolls,
          grunt_ministairs_14, uniq_grinder
D:4:      layout_basic, nicolae_overflow_crystal_walls,
          eat_drink_and_be_merry_uskayaw
D:5:      cheibrodos_barr_body, layout_basic, temple_fountains, first_ration,
          nicolae_ru_great_annihilating_truth, uniq_eustachio
Temple:   nicolae_temple_god_jail

Skill      XL: |  1  2  3  4  5  6 |
---------------+-------------------+-----
Invocations    | 1 2 |  2.6
Short Blades   | 1 2 |  2.3
Long Blades    | 1 2 |  2.3
Axes           | 1 2 |  2.3
Maces & Flails | 1 2 |  2.3
Polearms       | 1 2 |  2.3
Staves         | 1 2 |  2.3
Slings         | 1 2 |  2.3
Bows           | 1 2 |  2.3
Crossbows      | 1 2 |  2.3
Dodging        | 1 2 |  2.3
Stealth        | 1 2 |  2.3
Shields        | 1 2 |  2.3
Unarmed Combat | 1 2 |  2.3
Spellcasting   | 1 2 |  2.3
Evocations     | 1 2 |  2.3
Conjurations   | 1 |  1.9
Hexes          | 1 |  1.9
Charms         | 1 |  1.9
Summonings     | 1 |  1.9
Necromancy     | 1 |  1.9
Transmutations | 1 |  1.9
Fire Magic     | 1 |  1.9
Ice Magic      | 1 |  1.9
Earth Magic    | 1 |  1.9
Poison Magic   | 1 |  1.9
Armour         | 3 |  3.5
Air Magic      | 4 |  4.2
Fighting       | 5 |  5.2
Throwing       | 5 |  5.2
Translocations | |  5.8

Action                   |  1- 3 |  4- 6 |  7- 9 || total
-------------------------+-------+-------+-------++-------
Melee: Dagger            |   110 |   292 |    23 ||   425
       Bite              |    19 |    45 |     5 ||    69
       Punch             |       |     3 |     1 ||     4
Throw: Dart              |       |     3 |       ||     3
  Use: Scroll            |       |       |     7 ||     7
 Stab: Sleeping          |     1 |     1 |       ||     2
       Paralysed         |       |       |     1 ||     1
  Eat: Chunk             |     2 |    12 |     2 ||    16
Armor: Ring mail         |    37 |    91 |     6 ||   134
Dodge: Dodged            |    48 |   116 |     9 ||   173
